 Dungeon Crawl Stone Soup version 0.29-a0-453-gf113fcf677 (webtiles) character file.

Game seed: 2318157352347510525

150 Bruhh the Ruffian (level 5, -7/45 HPs)
             Began as a Ghoul Monk on May 20, 2022.
             Mangled by a black bear (8 damage)
             ... on level 6 of the Dungeon.
             The game lasted 00:02:59 (3125 turns).

Bruhh the Ruffian (Ghoul Monk)                      Turns: 3125, Time: 00:03:00

Health: -7/45      AC:  2    Str: 15    XL:     5   Next: 32%
Magic:  4/4        EV: 12    Int:  5    God:
Gold:   118        SH:  0    Dex: 13    Spells: 4/4 levels left

rFire   . . .      SeeInvis .     - Unarmed
rCold   + . .      Faith    .   (no shield)
rNeg    + + +      Spirit   .   a - +0 robe
rPois   ∞          Reflect  .   (no helmet)
rElec   .          Harm     .   (no cloak)
rCorr   .          Rampage  .   (no gloves)
Will    .....                   (no boots)
Stlth   ++........              (no amulet)
HPRegen 0.00/turn               (no ring)
MPRegen 0.09/turn               (no ring)

@: inhibited regen
A: claws 1, cold resistance 1, negative energy resistance 3, inhibited
regeneration, torment resistance 2, devour on kill
a: no special abilities


You were on level 6 of the Dungeon.
You visited 1 branch of the dungeon, and saw 5 of its levels.

You collected 118 gold pieces.

Inventory:

Armour
 a - a +0 robe (worn)
Scrolls
 c - a scroll of silence {unknown}
 d - 6 scrolls of teleportation {unknown}
 e - 6 scrolls of identify {unknown}
 g - a scroll of enchant weapon {unknown}
 k - a scroll of acquirement {unknown}
 n - a scroll of summoning {unknown}
 o - a scroll of fog {unknown}
Potions
 b - a potion of ambrosia
 f - 2 potions of heal wounds {unknown}
 h - a potion of flight {unknown}
 i - a potion of mutation {unknown}
 j - 2 potions of curing {unknown}
 l - a potion of berserk rage {unknown}
 m - a potion of magic {unknown}


   Skills:
 - Level 3.2 Fighting
 - Level 2.6 Dodging
 - Level 2.1 Stealth
 + Level 6.4 Unarmed Combat


You had 4 spell levels left.
You didn't know any spells.
Your spell library contained the following spells:

 Spells                   Type           Power      Damage    Failure   Level
 Slow                     Hex            0%         N/A       47%         1
 Confusing Touch          Hex            0%         N/A       85%         3
 Tukima's Dance           Hex            0%         N/A       85%         3
 Vampiric Draining        Necr           0%         2d6       85%         3
 Passage of Golubria      Tloc           0%         N/A       99%         4
 Summon Forest            Summ/Tloc      0%         N/A       100%        5
 Yara's Violent Unravell  Hex/Tmut       0%         3d3       100%        5
 Eringya's Noxious Bog    Tmut/Pois      0%         N/A       100%        6
 Summon Hydra             Summ           0%         N/A       100%        7


Dungeon Overview and Level Annotations

Branches:
Dungeon (4/15)
 Temple: D:4-7

Altars:


Innate Abilities, Weirdness & Mutations

You are immune to poison.
You have sharp fingernails.
Your flesh is cold resistant. (rC+)
You are immune to negative energy. (rN+++)
You do not regenerate when monsters are visible.
You are immune to unholy pain and torment.
You thrive by killing the living.


Message History

You pick up Great Wizards, Vol.
VII and begin reading...
You add the spells Tukima's Dance, Passage of Golubria and Yara's Violent Unravelling to your library.
A sourceless malevolence fills the Dungeon...
You fall into a shaft and drop 2 floors!
The shaft crumbles and collapses.
You open the door.
There is an open door here.
A black bear comes into view.
Found an escape hatch in the floor.
A black bear is nearby!
A black bear is nearby!
A black bear is nearby!
The black bear growls angrily.
You scratch the black bear but do no damage.
You claw the black bear!
The black bear is moderately wounded.
The black bear bites you. The black bear claws you. x2
You claw the black bear!
The black bear is severely wounded.
The black bear goes berserk!
You scratch the black bear.
The black bear is severely wounded.
The black bear closely misses you. The black bear claws you. x2
You scratch the black bear but do no damage.
The black bear is severely wounded.
The black bear bites you! The black bear claws you. x2
* * * LOW HITPOINT WARNING * * *
The black bear completely misses you. The black bear closely misses you.
The black bear claws you.
* * * LOW HITPOINT WARNING * * *
You barely miss the black bear.
The black bear is severely wounded.
The black bear misses you. The black bear closely misses you.
The black bear claws you.
* * * LOW HITPOINT WARNING * * *
Unknown command.
You barely miss the black bear.
The black bear is severely wounded.
The black bear bites you!
You die...

#...#....#
#...'....#
+...#....#
#...#....#
######..##
##..######
#.......>#
+........#
###@###..#
#h# ## ...
#....
#.....
#.....#
#######


You could see a black bear (berserk).

Vanquished Creatures
  An orc priest (D:3)
  5 adders
  A worm (D:2)
  2 dart slugs (D:2)
  4 orcs (D:3)
  4 endoplasms
  4 giant cockroaches
  5 goblins
  7 hobgoblins
  4 jackals (D:1)
  3 kobolds
  2 quokkas
  6 ball pythons
  11 bats
  2 frilled lizards
  3 rats
64 creatures vanquished.

Notes
Turn   | Place    | Note
-------+----------+-------------------------------------------
     0 | D:1      | Bruhh the Ghoul Monk began the quest for the Orb.
     0 | D:1      | Reached XP level 1. HP: 19/19 MP: 0/0
   261 | D:1      | Reached XP level 2. HP: 26/26 MP: 1/1
   367 | D:1      | Reached skill level 4 in Unarmed Combat
   552 | D:1      | Found a faded altar of an unknown god.
   665 | D:1      | Reached XP level 3. HP: 31/31 MP: 2/2
  1442 | D:2      | Reached skill level 5 in Unarmed Combat
  1605 | D:2      | Reached XP level 4. HP: 36/38 MP: 3/3
  2513 | D:3      | Reached skill level 6 in Unarmed Combat
  2750 | D:3      | Reached XP level 5. HP: 29/45 MP: 4/4
  3107 | D:4      | You fall into a shaft and drop 2 floors!
  3115 | D:6      | Noticed a black bear
  3124 | D:6      | HP: 1/45 [black bear (3)]
  3125 | D:6      | Mangled by a black bear

Illustrated notes

Levels and vault maps discovered:
D:1:      dpeg_arrival_arbitrary_c, layout_loops_ring, basic_ecumenical_altar,
          grunt_decor_arrowhead
D:2:      layout_basic
D:3:      layout_loops_ring
D:4:      layout_cave_pools
D:6:      layout_gridville, uniq_edmund, uniq_duvessa, uniq_grinder,
          uniq_blork_the_orc, uniq_eustachio

Skill      XL: |  1  2  3  4 |
---------------+-------------+-----
Unarmed Combat | 4 5 6 |  6.4
Fighting       | |  3.2
Dodging        | |  2.6
Stealth        | |  2.1

Action                   |  1- 3 |  4- 6 || total
-------------------------+-------+-------++-------
Melee: Unarmed           |   105 |    87 ||   192
       Punch             |     3 |     2 ||     5
 Stab: Sleeping          |     6 |     1 ||     7
Armor: Robe              |    22 |     8 ||    30
Dodge: Dodged            |    63 |    62 ||   125

Table legend: (Time is in decaauts)
 A = Elapsed time spent in this place.
 B = Non-inter-level travel time spent in this place.
 C = Inter-level travel time spent in this place.
 D = Time resting spent in this place.
 E = Time spent auto-exploring this place.
 F = Levels seen in this place.
 G = Mean time per level.
                   A        B        C        D        E       F      G
               +--------+--------+--------+--------+--------+-----+--------+
         Total |   3106 |   3048 |     58 |    174 |   2388 |   5 |  621.2 |
       Dungeon |   3106 |   3048 |     58 |    174 |   2388 |   5 |  621.2 |
               +--------+--------+--------+--------+--------+-----+--------+

Top non-repeatable levels by time:
     D:3: 1097 daAuts
     D:2: 975 daAuts
     D:1: 971 daAuts
     D:4: 45 daAuts
     D:6: 17 daAuts
